Map: Triton LE

Players

Hurricane

  • Race: Protoss Protoss
  • League: Master
  • Spawn Location: 5:00

INnoVation - Winner!

  • Race: Terran Terran
  • League: Grandmaster
  • Spawn Location: 11:00

VOD

Have the link to the VOD?

Description

Time

  • Played on: Jan. 16, 2020, 4:17 a.m.
  • Length: 14:19
Show
View Real Time Build Order
Export as new Build Order

Hurricane Protoss 

Build Orders: 1 Gate Expand, Phoenix Opening, Blink Stalkers, Chargelot Immortal 

Get SALT Encoding   

  12  0:00  Probe  
  13  0:12  Probe  
  14  0:18  Pylon  
  14  0:25  Probe (Chrono Boost)  
  15  0:36  Gateway  
  15  0:37  Probe (Chrono Boost)  
  16  0:45  Probe (Chrono Boost), Assimilator  
  17  0:51  Probe  
  18  1:03  Probe  
  19  1:15  Probe  
  20  1:23  Nexus  
  20  1:31  Cybernetics Core  
  20  1:35  Probe  
  21  1:40  Assimilator  
  21  1:47  Probe  
  21  1:51  Pylon  
  22  1:59  Probe  
  23  2:06  Adept (Chrono Boost)  
  23  2:08  Warp Gate  
  23  2:11  Probe  
  26  2:24  Probe (Chrono Boost)  
  26  2:29  Stalker  
  29  2:31  Twilight Council  
  29  2:35  Probe (Chrono Boost)  
  29  2:36  Probe (Chrono Boost)  
  33  2:44  Probe x2 (Chrono Boost)  
  33  2:49  Probe (Chrono Boost)  
  33  2:50  Probe  
  35  3:00  Sentry  
  35  3:01  Probe  
  35  3:02  Probe  
  39  3:08  Blink (Chrono Boost)  
  39  3:13  Probe (Chrono Boost)  
  39  3:17  Probe (Chrono Boost)  
  39  3:18  Pylon  
  41  3:25  Probe (Chrono Boost)  
  43  3:27  Stalker  
  43  3:31  Probe x2 (Chrono Boost)  
  46  3:35  Phoenix  
  46  3:38  Probe  
  46  3:39  Probe  
  46  3:40  Robotics Facility  
  48  3:42  Gateway  
  48  3:45  Gateway  
  48  3:48  Assimilator  
  48  3:50  Probe  
  48  3:52  Probe  
  50  3:57  Pylon  
  50  4:03  Probe  
  50  4:04  Probe  
  50  4:07  Pylon  
  50  4:09  Stalker  
  54  4:17  Nexus  
  54  4:21  Probe x2  
  56  4:30  Forge  
  56  4:33  Stalker  
  56  4:37  Pylon  
  56  4:38  Stalker  
  60  4:40  Stalker  
  60  4:41  Probe  
  60  4:43  Observer  
  60  4:44  Probe  
  61  4:55  Probe  
  61  4:58  Stalker  
  64  5:00  Probe, Protoss Ground Armor Level 1 (Chrono Boost)  
  64  5:05  Observer  
  66  5:07  Probe  
  66  5:12  Probe  
  68  5:18  Pylon  
  68  5:19  Charge  
  68  5:30  Gateway, Observer  
  68  5:31  Gateway, Observer  
  68  5:32  Gateway  
  68  5:33  Gateway  
  69  5:37  Observer  
  69  5:38  Gateway  
  69  5:39  Sentry  
  71  5:43  Probe x3  
  71  5:45  Sentry  
  76  5:51  Observer  
  76  5:53  Pylon  
  76  5:56  Immortal (Chrono Boost)  
  76  6:00  Zealot  
  82  6:04  Pylon  
  82  6:11  Photon Cannon  
  82  6:16  Zealot, Stalker  
  86  6:20  Pylon  
  86  6:27  Stalker x3  
  92  6:37  Zealot  
  92  6:38  Zealot x3  
  90  6:50  Zealot x3  
  90  6:51  Zealot  
  86  6:56  Probe  
  86  6:57  Probe  
  86  6:59  Stalker x3  
  86  7:02  Zealot  
  84  7:12  Zealot x3  
  84  7:13  Probe x2  
  72  7:18  Immortal (Chrono Boost)  
  72  7:20  Stalker  
  74  7:26  Stalker x2  
  72  7:34  Zealot x3  
  70  7:48  Stalker  
  70  7:49  Zealot, Stalker  
  70  7:55  Zealot x2  
  70  7:56  Zealot x3  
  80  7:59  Observer  
  80  8:01  Assimilator  
  80  8:02  Assimilator  
  78  8:09  Sentry  
  74  8:16  Zealot x3  
  74  8:17  Zealot x2  
  74  8:18  Probe x3  
  74  8:19  Observer  
  87  8:26  Immortal (Chrono Boost)  
  87  8:27  Zealot x3  
  87  8:30  Observer  
  97  8:35  Zealot x3  
  97  8:36  Robotics Bay  
  97  8:39  Assimilator  
  103  8:46  Stalker x2  
  106  8:49  Stalker  
  106  8:53  Protoss Ground Weapons Level 1  
  108  8:56  Observer (Chrono Boost)  
  108  8:57  Probe  
  108  8:58  Probe x2  
  112  9:06  Photon Cannon  
  112  9:10  Probe x2, Observer  
  112  9:23  Stalker x4  
  124  9:27  Sentry  
  122  9:32  Sentry  
  118  9:44  Immortal (Chrono Boost)  
  118  9:45  Zealot x2  
  116  9:46  Stalker x2  
  116  9:47  Stalker x2  
  116  9:52  Zealot  
  120  9:55  Zealot  
  104  10:05  Zealot  
  92  10:10  Zealot  
  92  10:11  Zealot x4  
  92  10:17  Robotics Facility  
  92  10:19  Zealot x2  
  92  10:20  Disruptor (Chrono Boost)  
  94  10:31  Sentry x2  
  94  10:32  Stalker x4  
  106  10:45  Forge  
  106  10:46  Disruptor (Chrono Boost)  
  109  10:50  Pylon, Sentry, Stalker  
  109  10:54  Protoss Ground Weapons Level 2 (Chrono Boost)  
  113  10:58  Observer  
  113  10:59  Nexus  
  113  11:01  Disruptor (Chrono Boost)  
  116  11:16  Pylon  
  116  11:18  Disruptor (Chrono Boost)  
  119  11:20  Probe  
  119  11:21  Probe  
  119  11:24  Zealot  
  123  11:27  Disruptor (Chrono Boost)  
  123  11:30  Probe  
  127  11:33  Probe x2  
  126  11:46  Disruptor  
  129  11:56  Disruptor (Chrono Boost)  
  129  11:58  Observer  
  124  12:07  Zealot x8  
  134  12:13  Probe x2, Observer  
  134  12:15  Probe  
  140  12:28  Pylon  
  140  12:29  Extended Thermal Lance  
  143  12:36  Stalker x2  
  143  12:47  Zealot x4  
  125  13:09  Stalker x6  
  83  13:45  Robotics Facility  
  83  13:48  Gateway  
  83  13:50  Gateway x2  
  83  13:51  Stalker x3  
  83  13:52  Sentry  
  91  13:57  Assimilator, Stalker  
  71  14:10  Nexus  
Show
View Real Time Build Order
Export as new Build Order

INnoVation Terran - Winner!

Build Orders: Reaper Expand 

Get SALT Encoding   

  12  0:00  SCV  
  13  0:12  SCV  
  14  0:17  Supply Depot  
  14  0:24  SCV  
  15  0:38  SCV  
  15  0:39  Barracks  
  15  0:42  Refinery  
  16  0:50  SCV  
  17  1:02  SCV  
  18  1:14  SCV  
  19  1:26  Reaper  
  19  1:27  Orbital Command  
  20  1:38  Command Center  
  20  1:51  Supply Depot  
  20  1:52  SCV  
  21  1:58  Marine  
  22  2:04  SCV  
  22  2:05  Factory  
  23  2:10  Refinery  
  23  2:17  Bunker  
  23  2:18  SCV  
  23  2:20  Barracks Reactor  
  24  2:30  SCV  
  25  2:42  SCV  
  26  2:49  Starport  
  26  2:52  Widow Mine, Orbital Command  
  26  2:57  Marine x2  
  30  2:58  SCV  
  30  3:10  SCV  
  31  3:13  Widow Mine  
  31  3:14  Marine x2  
  31  3:18  SCV  
  36  3:22  SCV  
  36  3:25  Medivac  
  39  3:27  Barracks  
  39  3:30  SCV  
  40  3:35  SCV  
  40  3:37  Widow Mine  
  40  3:38  Supply Depot  
  43  3:43  SCV  
  43  3:47  SCV  
  45  3:49  Marine, Barracks  
  46  3:57  Starport Tech Lab  
  46  3:59  Marine, Factory Tech Lab  
  46  4:00  SCV x2  
  46  4:02  Supply Depot  
  49  4:06  Marine  
  50  4:11  Engineering Bay  
  50  4:12  SCV x2  
  52  4:17  Marine  
  52  4:21  Supply Depot  
  52  4:22  Refinery  
  52  4:23  Stimpack  
  52  4:24  Starport Reactor  
  53  4:25  SCV  
  53  4:26  SCV  
  55  4:32  Marine x2  
  55  4:35  Marine  
  55  4:36  Terran Infantry Weapons Level 1  
  55  4:37  Factory Reactor  
  58  4:41  SCV x2  
  60  4:45  Supply Depot  
  58  4:53  Marine x2, Marauder x2  
  58  4:56  SCV  
  58  4:57  SCV  
  62  5:00  Combat Shield  
  62  5:01  Supply Depot  
  62  5:08  SCV  
  62  5:09  SCV, Supply Depot  
  62  5:11  Marine x2  
  66  5:14  Refinery  
  66  5:16  Marauder  
  66  5:17  Marauder  
  66  5:20  SCV  
  71  5:22  SCV  
  71  5:23  Medivac  
  71  5:24  Medivac  
  71  5:27  Widow Mine  
  78  5:30  Widow Mine  
  78  5:31  Marine x2  
  78  5:34  Supply Depot  
  82  5:36  SCV  
  82  5:37  SCV  
  82  5:42  Supply Depot  
  84  5:46  Marauder x2  
  84  5:49  Marine x2  
  90  5:53  Widow Mine x2  
  90  5:57  Medivac  
  96  6:03  Concussive Shells  
  96  6:05  Supply Depot  
  96  6:06  Medivac  
  96  6:07  Marine x2  
  96  6:11  Marauder x2  
  104  6:15  Widow Mine  
  104  6:16  Widow Mine  
  108  6:23  Supply Depot  
  108  6:29  Command Center  
  112  6:32  Marauder  
  112  6:33  Marauder  
  112  6:35  Terran Infantry Armor Level 1  
  112  6:36  Marine x2  
  114  6:45  Widow Mine x2  
  112  6:53  SCV, Marine  
  105  6:54  Marine, Marauder x2  
  105  6:58  Medivac  
  105  6:59  Medivac  
  107  7:06  SCV x2  
  104  7:11  Marine  
  104  7:12  Marine  
  104  7:13  Widow Mine  
  104  7:14  Widow Mine  
  104  7:15  Marauder  
  101  7:21  SCV x2  
  100  7:29  Marine, Marauder  
  100  7:30  Marine  
  100  7:33  SCV  
  100  7:35  Widow Mine x2  
  100  7:37  Marauder  
  108  7:43  Orbital Command  
  100  7:46  SCV  
  100  7:47  SCV  
  100  7:50  Marine x2  
  100  7:51  Marauder  
  106  7:56  Widow Mine x2  
  106  7:58  Marauder  
  110  7:59  SCV x2  
  109  8:08  Marine x2  
  109  8:12  Marauder  
  109  8:15  SCV x2, Barracks  
  109  8:16  SCV, Barracks  
  109  8:18  Widow Mine x2  
  109  8:19  Marauder  
  118  8:27  SCV  
  118  8:28  SCV x2  
  118  8:29  Armory  
  118  8:31  Marine x2  
  123  8:37  Engineering Bay, Ghost Academy  
  123  8:40  Widow Mine x2  
  127  8:42  Marauder x2  
  131  8:49  Marine x2, SCV x3  
  131  8:50  Supply Depot  
  131  8:51  Supply Depot, Refinery  
  131  8:52  Refinery  
  136  9:01  Widow Mine  
  136  9:02  Widow Mine  
  140  9:07  Marine  
  141  9:11  Medivac x2  
  141  9:12  Marine, Marauder x2  
  141  9:14  Supply Depot  
  141  9:15  Supply Depot  
  150  9:17  Terran Infantry Weapons Level 2, Terran Infantry Armor Level 2  
  150  9:20  Barracks Tech Lab  
  150  9:23  Barracks Reactor  
  143  9:32  Marine x2, Ghost x2  
  143  9:36  SCV x3  
  125  9:56  Ghost  
  125  9:59  SCV x3  
  120  10:00  Marine x2  
  120  10:01  Marine x2, Ghost x2  
  120  10:04  Widow Mine  
  120  10:05  Widow Mine  
  111  10:22  Enhanced Shockwaves  
  111  10:26  Marine x4, Marauder  
  111  10:27  Widow Mine x2  
  121  10:28  SCV x2  
  121  10:29  SCV  
  121  10:30  Marauder x2  
  128  10:39  Command Center  
  128  10:45  Marine x3  
  128  10:46  Marine  
  132  10:51  Missile Turret  
  132  10:52  Marauder x3  
  132  10:53  Missile Turret, Widow Mine  
  132  10:54  Widow Mine  
  132  10:56  Liberator  
  132  10:57  Liberator  
  142  11:01  Terran Ship Weapons Level 1  
  142  11:11  Marine  
  142  11:12  Marine x3  
  142  11:14  Supply Depot  
  142  11:17  Marauder x3  
  158  11:25  Supply Depot x2  
  158  11:29  Marine x3  
  158  11:30  Marine  
  130  11:40  Marauder  
  130  11:41  Marauder x2  
  130  11:42  Liberator x2  
  135  12:05  Marine x4  
  135  12:15  SCV x2  
  135  12:16  SCV  
  135  12:18  Planetary Fortress  
  137  12:25  Liberator x2  
  137  12:28  Marauder x3  
  137  12:29  Marine x4  
  147  12:30  SCV  
  147  12:31  SCV  
  147  12:34  SCV  
  154  12:53  Marine x4, Marauder x3  
  143  13:10  Marine  
  143  13:11  Marine x3, Orbital Command  
  143  13:14  Marauder x3  
  143  13:20  SCV x2  
  131  13:28  Marine  
  113  13:35  Marine x3, Marauder  
  113  13:36  Marauder x2  
  113  13:40  SCV x2  
  123  13:41  SCV  
  123  13:46  Marine, Refinery  
  123  13:47  SCV  
  125  13:52  SCV  
  125  13:53  SCV  
  127  13:57  Marauder x3  
Tags
 
Add a new tag
Caveats
  • Supply blocks, unpowered buildings, or Contaminate may cause inaccurate times.
  • Supply counts are checked every 10 seconds.